 Dungeon Crawl Stone Soup version 0.28.0-53-g5a82cb258f (webtiles) character file.

Game seed: 1295399870126485989

71 Gabide the Chopper (level 4, -3/35 HPs)
             Began as a Mummy Monk on May 29, 2022.
             Slain by a centaur (6 damage)
             ... on level 3 of the Dungeon.
             The game lasted 00:01:56 (2758 turns).

Gabide the Chopper (Mummy Monk)                     Turns: 2758, Time: 00:01:57

Health: -3/35      AC:  6    Str: 20    XL:     4   Next: 5%
Magic:  4/4        EV: 11    Int:  9    God:
Gold:   111        SH:  0    Dex: 16    Spells: 3/3 levels left

rFire   x . .      SeeInvis .   a - +0 hand axe
rCold   + . .      Faith    .   (no shield)
rNeg    + + +      Spirit   .   h - +0 ring mail
rPois   ∞          Reflect  .   e - +0 helmet
rElec   .          Harm     .   (no cloak)
rCorr   .          Rampage  .   (no gloves)
Will    .....                   (no boots)
Stlth   +.........              (no amulet)
HPRegen 0.11/turn               c - +6 ring of strength
MPRegen 0.09/turn               (no ring)

@: no status effects
A: cold resistance 1, negative energy resistance 3, torment resistance 2, heat
vulnerability 1, no potions
a: no special abilities


You were on level 3 of the Dungeon.
You visited 1 branch of the dungeon, and saw 3 of its levels.

You collected 111 gold pieces.

Inventory:

Hand Weapons
 a - a +0 hand axe (weapon)
Armour
 e - a +0 helmet (worn)
 h - a +0 ring mail (worn)
Jewellery
 c - a +6 ring of strength (left hand)
Scrolls
 b - a scroll of amnesia {unknown}
 d - a scroll of identify {unknown}
 f - a scroll of teleportation {unknown}
 g - a scroll of fear {unknown}


   Skills:
 - Level 3.0 Fighting
 + Level 4.1 Axes
 - Level 2.4 Dodging
 - Level 1.5 Stealth


You had 3 spell levels left.
You didn't know any spells.
Your spell library contained the following spells:

 Spells                   Type           Power      Damage    Failure   Level
 Freeze                   Ice            0%         1d3       56%         1
 Magic Dart               Conj           0%         1d3       56%         1
 Slow                     Hex            0%         N/A       56%         1
 Searing Ray              Conj           0%         2d4       71%         2
 Confusing Touch          Hex            0%         N/A       91%         3
 Frozen Ramparts          Ice            0%         1d2       91%         3
 Vampiric Draining        Necr           0%         2d6       91%         3
 Fulminant Prism          Conj/Hex       0%         3d6       100%        4
 Hailstorm                Conj/Ice       0%         3d3       100%        4


Dungeon Overview and Level Annotations

Branches:
Dungeon (3/15)

Altars:


Innate Abilities, Weirdness & Mutations

You are immune to poison.
Your flesh is cold resistant. (rC+)
You are immune to negative energy. (rN+++)
You are immune to unholy pain and torment.
You are vulnerable to heat. (rF-)
You do not drink.


Message History

The centaur hits you but does no damage.
The centaur kicks you.
You hit the centaur.
The centaur is severely wounded.
You closely miss the ice beast. The centaur barely misses you.
The centaur kicks you.
* * * LOW HITPOINT WARNING * * *
The ice beast hits you but does no damage.
Unknown command.
You barely miss the centaur.
The centaur is severely wounded.
You hit the ice beast but do no damage. The centaur barely misses you.
The centaur kicks you but does no damage.
The ice beast hits you.
* * * LOW HITPOINT WARNING * * *
The ice beast freezes you. You resist.
* * * LOW HITPOINT WARNING * * *
The centaur hits you.
* * * LOW HITPOINT WARNING * * *
The centaur barely misses you.
The ice beast hits you but does no damage.
You hit the centaur but do no damage.
The centaur is severely wounded.
You hit the ice beast. The centaur barely misses you.
The centaur kicks you but does no damage.
The ice beast closely misses you.
The centaur hits you but does no damage.
The centaur barely misses you.
Okay, then.
You barely miss the centaur.
The centaur is severely wounded.
You barely miss the ice beast.
The centaur hits you but does no damage.
The centaur kicks you.
* * * LOW HITPOINT WARNING * * *
The ice beast misses you.
You hit the centaur.
The centaur is almost dead.
You hit the ice beast. The centaur hits you.
You die...

#...## ...... .. ##.#..
.....##....... ...#.####
#......!...?.. .....##.#
#............. .....'..#
#.............
.....##.###............
......#...'..........
##'##.#####....cY†####.#
#.##.#.....†#..@†......
#.##.#.####†#.#######.#
#.##.#.#......#######
#.#......#..........#
#.####.#.#..#####.###
##.# #.#.#..#####.###
...# ##.#............#
#### #....#.######.#.#
#..#.#.# #.#.#


You could see an ice beast and a centaur.

Vanquished Creatures
  An adder (D:2)
  An adder skeleton (D:2)
  2 worms (D:2)
  A dart slug (D:1)
  A bat (D:1)
  6 endoplasms
  2 giant cockroaches
  3 goblins (D:2)
  9 hobgoblins
  5 jackals
  2 quokkas
  A ball python (D:2)
  3 frilled lizards (D:1)
  5 kobolds
  4 rats
46 creatures vanquished.

Notes
Turn   | Place    | Note
-------+----------+-------------------------------------------
     0 | D:1      | Gabide the Mummy Monk began the quest for the Orb.
     0 | D:1      | Reached XP level 1. HP: 18/18 MP: 1/1
   434 | D:1      | Reached skill level 3 in Axes
   434 | D:1      | Reached XP level 2. HP: 16/24 MP: 2/2
  1256 | D:2      | Reached XP level 3. HP: 19/29 MP: 3/3
  2183 | D:2      | Reached skill level 4 in Axes
  2695 | D:3      | Reached XP level 4. HP: 35/35 MP: 4/4
  2743 | D:3      | Noticed an ice beast
  2744 | D:3      | Noticed a centaur
  2758 | D:3      | Slain by a centaur

Illustrated notes

Levels and vault maps discovered:
D:1:      dpeg_arrival_simpleton_b, layout_rooms
D:2:      layout_basic, grunt_decor_fettered, serial_park_tiny_1, st_stairs_4
D:3:      layout_basic, hangedman_decor_riveting

Skill      XL: |  1  2  3 |
---------------+----------+-----
Axes           | 3 4 |  4.1
Fighting       | |  3.0
Dodging        | |  2.4
Stealth        | |  1.5

Action                   |  1- 3 |  4- 6 || total
-------------------------+-------+-------++-------
Melee: Hand axe          |   135 |    14 ||   149
 Stab: Sleeping          |     1 |       ||     1
Armor: Robe              |     9 |       ||     9
       Ring mail         |    27 |    16 ||    43
Dodge: Dodged            |    78 |    23 ||   101
